[Event "Budapest Chess Festival 2024"]
[Site "Budapest"]
[Date "2024.05.27"]
[Round "5.4"]
[White "Nasuta, Grzegorz"]
[Black "Gschnitzer, Adrian"]
[Result "1-0"]
[ECO "B51"]
[WhiteElo "2547"]
[BlackElo "2431"]
[Annotator "TA"]
[PlyCount "49"]
[EventDate "2024.05.20"]
[EventType "swiss"]
[EventCountry "HUN"]
[SourceTitle "playchess.com"]
[Source "ChessBase"]
[SourceQuality "1"]
[TimeControl "40/5400+30:1800+30"]

1. e4 c5 2. Nf3 d6 3. Bb5+ Nd7 4. O-O a6 5. Be2 Ngf6 6. d3 g6 7. c4 Bg7 8. Nc3 {[%emt 0:00:46] White is slightly better.} O-O 9. d4 cxd4 10. Nxd4 Nc5 11. f3 a5 12. Be3 Nfd7 13. Qd2 f5 14. exf5 gxf5 15. Ndb5 Ne5 (15... Rb8 $16 {keeps fighting.} 16. Rad1 Kh8) 16. Rad1 $18 {[%emt 0:02:00] [#] Bxc5 would now be deadly.} Be6 17. b3 a4 18. Bxc5 dxc5 19. Qxd8 (19. bxa4 Qxd2 (19... Bxc4 $2 {perishes.} 20. Qf4 $18) (19... Nxc4 20. Qg5 $14) 20. Rxd2 Nxc4 $17 (20... Bxc4 21. Bxc4+ Nxc4 22. Rd7 $11)) 19... Raxd8 20. Nxa4 ({Inferior is} 20. bxa4 Bxc4 21. Rxd8 Rxd8 $17) 20... Rc8 $2 {[%emt 0:02:10] [#]} (20... Nc6 {is a better defense.} 21. Nxc5 Bc8 22. Rxd8 Rxd8) 21. f4 {[%emt 0:12:39] White has a decisive advantage.} Nf7 22. Bf3 Nd6 23. Nxd6 exd6 24. Rxd6 Bd4+ 25. Kh1 {[%emt 0:00:06] Weighted Error Value: White=0.02 (flawless) /Black=0.26 (precise) .  Mistake:       	---       	Black=2      Inaccurate:     	---       	Black=3      OK:         	White=13    	Black=3      Best:        	White=1     	---} 1-0

[Event "Budapest Chess Festival 2024"]
[Site "Budapest"]
[Date "2024.05.27"]
[Round "5.5"]
[White "Sokolovsky, Yahli"]
[Black "Samunenkov, Ihor"]
[Result "1/2-1/2"]
[ECO "C42"]
[WhiteElo "2484"]
[BlackElo "2547"]
[Annotator "TA"]
[PlyCount "93"]
[EventDate "2024.05.20"]
[EventType "swiss"]
[EventCountry "HUN"]
[SourceTitle "playchess.com"]
[Source "ChessBase"]
[SourceQuality "1"]
[TimeControl "40/5400+30:1800+30"]

1. e4 e5 2. Nf3 Nf6 3. Nxe5 d6 4. Nf3 Nxe4 5. Nc3 Nxc3 6. dxc3 Be7 7. Be3 O-O 8. Qd2 Nd7 9. O-O-O Nf6 10. Bd3 Re8 11. Rhe1 Bg4 12. Bg5 Qd7 13. h3 Bf5 14. g4 Bg6 15. Kb1 a6 16. Re2 b5 17. Qe1 Bf8 18. Bxf6 {[%emt 0:06:33] aiming for Bxg6.} gxf6 19. Be4 Qe7 20. Bd3 (20. Nd2 $5 d5 21. Bf3 $14) 20... Qd7 21. Nd4 Rxe2 22. Qxe2 Re8 23. Qf3 c5 24. Nf5 Re5 (24... Bxf5 $142 25. Bxf5 Qe7) 25. Ne3 $16 Bxd3 26. Rxd3 Qe6 27. Qa8 Re4 {[%emt 0:02:50] [#] Prevents a3.} 28. Rxd6 Qxd6 29. Qxe4 $18 {[%emt 0:00:01][%mdl 4096] Endgame. KQB-KQN} Qd2 {[%emt 0:00:12] ( -> ...Qe1+)} 30. a3 Qxf2 31. Ka2 (31. Nd5 {looks sharper.} c4 32. a4 Kg7 33. Nf4) 31... Qg3 32. Nd5 Qd6 33. Qf3 {[%emt 0:05:29] White is much more active.} Qe6 34. b3 Kg7 35. Nf4 Qe5 {[%emt 0:00:23] [#]} 36. Nh5+ $1 Kg6 37. Qd3+ (37. Ng3 $16) 37... f5 $11 38. Ng3 c4 $1 39. gxf5+ Kg7 40. Qf3 cxb3+ {[%emt 0:00:00] The position is equal.} 41. cxb3 Bd6 42. f6+ Kg6 $1 43. Ne4 h5 {[%emt 0:02:09] Prevents Qg4+} 44. Qg2+ Kf5 45. Qf3+ Kg6 46. Qg2+ Kf5 47. Qf3+ {[%emt 0:00:11] Blacks defense is rewarded with a draw.   Weighted Error Value: White=0.15 (very precise) /Black=0.10 (very precise) .  Mistake:       	White=2     	Black=1      Inaccurate:     	White=4     	Black=4      OK:         	White=12    	Black=14     Best:        	White=2     	Black=6      Strong:       	White=1     	Black=2} 1/2-1/2

[Event "Budapest Chess Festival 2024"]
[Site "Budapest"]
[Date "2024.05.27"]
[Round "5.6"]
[White "Borgaonkar, Akshay"]
[Black "Ivanisevic, Ivan"]
[Result "0-1"]
[ECO "C70"]
[WhiteElo "2372"]
[BlackElo "2537"]
[Annotator "TA"]
[PlyCount "134"]
[EventDate "2024.05.20"]
[EventType "swiss"]
[EventCountry "HUN"]
[SourceTitle "playchess.com"]
[Source "ChessBase"]
[SourceQuality "1"]
[TimeControl "40/5400+30:1800+30"]

1. e4 e5 2. Nf3 Nc6 3. Bb5 a6 4. Ba4 Bc5 5. O-O Nge7 6. c3 Ba7 {[%emt 0:00:11] C64: Ruy Lopez: Classical Defence (3...Bc5) except 4 0-0 Nf6.} 7. d4 Ng6 8. Bg5 f6 9. Be3 O-O 10. Nbd2 d6 11. Re1 Kh8 12. h3 exd4 13. Nxd4 Nxd4 14. Bxd4 Bxd4 15. cxd4 f5 $146 ({Predecessor:} 15... d5 16. exd5 Qxd5 17. Ne4 Bf5 18. Bb3 Qd7 19. Nc5 Qc6 20. Rc1 Rfe8 21. d5 Rxe1+ 22. Qxe1 {1-0 Nalbandyan,V (2110)-Sahakyan,A (2339) Yerevan Asrian Memorial 14th 2024 (6)}) 16. e5 b5 17. Bb3 dxe5 18. dxe5 Bb7 19. Nf3 c5 20. Qxd8 Raxd8 21. Ng5 c4 22. Bd1 Nf4 23. e6 Rde8 (23... Bxg2 $2 {loses.} 24. e7 Bd5 25. Bf3 $18 (25. exf8=R+ Rxf8 26. Bf3 Bg8 $18) (25. exd8=N Rxd8 26. Bf3 h6 $18) (25. exf8=Q+ Rxf8 26. Bf3 Bg8 $18) (25. exd8=R Rxd8 26. Bf3 h6 $18)) 24. e7 Rf6 25. Bf3 Bxf3 26. Nxf3 Nd3 27. Rad1 $2 (27. Re2 $11 {and White is okay.}) 27... Nxe1 $19 28. Rd8 Nxf3+ 29. gxf3 Kg8 $1 (29... Rg6+ 30. Kf1 Kg8 31. Rxe8+ Kf7 32. Rf8+ Kxe7 33. Rxf5) 30. Rxe8+ Kf7 31. Ra8 Kxe7 32. Ra7+ Kf8 (32... Kd6 $19 33. Kf1 Ke5 34. Rxg7 Kf4) 33. Kf1 $17 Kg8 34. h4 h6 35. Ke2 Re6+ 36. Kd2 Kh7 37. h5 Kg8 ({Black should play} 37... f4 38. a4 Rd6+ (38... bxa4 39. Kc3 $11) 39. Kc1 bxa4) 38. Rc7 f4 39. Rc5 Rd6+ 40. Ke2 Kf7 41. a4 Rb6 ({But not} 41... bxa4 42. Rxc4 Rb6 43. Rxf4+ Kg8 44. Rxa4 $11) 42. axb5 (42. Kd1 $17) 42... axb5 $19 43. Rf5+ Ke6 44. Rxf4 Rd6 45. Rg4 Rd5 (45... Rd7 $17 46. f4 Kd5) 46. Rxg7 $15 Rxh5 47. Ke3 Re5+ 48. Kd2 (48. Kd4 $15) 48... h5 ({Better is} 48... Rd5+ $1 $19 49. Kc1 h5) 49. Rh7 $17 Kf6 50. f4 Rd5+ 51. Ke3 $2 ({White has to play} 51. Ke2 $1 $15) 51... Kg6 $1 $19 52. Rb7 $2 {[%emt 0:00:37] [#]} (52. Rh8) 52... h4 $1 $19 53. Kf3 h3 54. Rb6+ (54. Kg3 $142 Rh5 55. Kh2) 54... Kf5 $19 55. Kg3 {[%emt 0:01:20] [#]} Rd3+ $1 56. f3 Rb3 57. Rc6 Rxb2 58. Rc5+ Ke6 59. Kxh3 Kd6 60. Rc8 Ra2 61. f5 Ra7 62. Rb8 c3 63. f6 Rc7 64. Rb6+ Kc5 65. Rb8 Kb4 66. Re8 c2 67. Re1 c1=Q 0-1

[Event "Budapest Chess Festival 2024"]
[Site "Budapest"]
[Date "2024.05.27"]
[Round "5.7"]
[White "Iliaguev, Nisim"]
[Black "Aryan Chopra"]
[Result "0-1"]
[ECO "A00"]
[WhiteElo "2397"]
[BlackElo "2641"]
[Annotator "TA"]
[PlyCount "104"]
[EventDate "2024.05.20"]
[EventType "swiss"]
[EventCountry "HUN"]
[SourceTitle "playchess.com"]
[Source "ChessBase"]
[SourceQuality "1"]
[TimeControl "40/5400+30:1800+30"]

1. g3 Nf6 2. Bg2 c5 3. c4 d5 4. Nf3 d4 5. e3 Nc6 6. exd4 {[%emt 0:00:13] A09: Réti Opening: 1 Nf3 d5 2 c4.} cxd4 7. d3 e5 8. O-O Bd6 9. Re1 O-O 10. a3 a5 11. Bg5 h6 12. Bxf6 Qxf6 13. Nbd2 Bc7 14. Qc2 Be6 15. c5 Qe7 16. Rac1 $146 ({Predecessor:} 16. b3 Qd7 17. Nc4 f6 18. Rab1 Ne7 19. Nfd2 Bd5 20. b4 Bxg2 21. Kxg2 {½-½ Drasko,M (2441)-Djordjevic,V (2421) Belgrade PEP 2017 (2)}) 16... a4 17. Ne4 Rfe8 18. Nfd2 Na5 19. c6 {[%emt 0:04:04] [#]} (19. Nd6 $15) 19... b6 $1 $17 ({Much weaker is} 19... Nxc6 $6 20. Nc5 Rec8 21. Nxb7 $14) 20. g4 (20. Qxa4 $2 {is the wrong capture.} Nb3 $19) 20... Nb3 21. Nxb3 axb3 22. Qd1 Qh4 23. h3 {[%emt 0:01:03] [#]} h5 (23... Rf8 $1 $17 24. Ng3 (24. Qf3 f5) 24... g6) 24. g5 Bxh3 25. Qf3 (25. Bxh3 $15 Qxh3 26. Qxb3) 25... Be6 $17 26. Qg3 Qxg3 27. fxg3 Kh7 28. Bf3 Kg6 29. Kf2 f5 30. gxf6 gxf6 31. Rh1 Rh8 32. Rh2 (32. Rh4 $17) 32... f5 $19 33. Nd2 Rh6 34. Rch1 Rah8 35. Bd1 Bd5 36. Bf3 Bf7 37. Bd1 Kg7 38. Nxb3 (38. Bxb3 $17 {was necessary.} Bxb3 (38... Rxc6 39. Bxf7 Kxf7 40. Rxh5 $11) 39. Nxb3) 38... Rxc6 39. Nd2 b5 40. Bb3 Bg6 41. a4 (41. Nf3 $142) 41... e4 $19 42. axb5 Rc5 43. Nc4 Rxb5 44. Ba4 Rb4 45. b3 e3+ 46. Kf3 f4 47. gxf4 Bxd3 48. Rc1 Rf8 49. Rh4 Bg6 50. Rd1 Bd8 51. Rhh1 Bf6 52. Nb2 (52. Rdg1 $142 Kh6 53. Bc6) 52... Bg5 0-1

[Event "Budapest Chess Festival 2024"]
[Site "Budapest"]
[Date "2024.05.27"]
[Round "5.9"]
[White "Kozak, Adam"]
[Black "Shagbazyan, Taron"]
[Result "1/2-1/2"]
[ECO "A18"]
[WhiteElo "2607"]
[BlackElo "2403"]
[Annotator "TA"]
[PlyCount "62"]
[EventDate "2024.05.20"]
[EventType "swiss"]
[EventCountry "HUN"]
[SourceTitle "playchess.com"]
[Source "ChessBase"]
[SourceQuality "1"]
[TimeControl "40/5400+30:1800+30"]

1. c4 Nf6 2. Nc3 e6 3. e4 d5 4. e5 d4 5. exf6 dxc3 6. bxc3 Qxf6 7. Nf3 b6 8. d4 Bb7 9. Bd3 {[%emt 0:00:12] Strongly threatening Bg5.} Nd7 (9... h6 $11) 10. Bg5 $1 $16 Bxf3 11. Qd2 (11. Qxf3 $6 Qxf3 12. gxf3 Ba3 $14) 11... Bxg2 {[%emt 0:00:11] White is better.} 12. Bxf6 Bxh1 13. Bg5 Bb7 14. Bf4 c5 15. O-O-O Be7 (15... cxd4 $16 16. cxd4 Rc8) 16. Qc2 (16. d5 $1 $18) 16... cxd4 17. cxd4 (17. Bxh7 Nf6 18. Bd3 dxc3 $11) 17... Rc8 18. Kb1 $1 {[%emt 0:04:28][%mdl 1024] White has strong compensation.} (18. Bxh7 b5 19. Be4 Rxc4 20. Bxb7 Ba3+ (20... Rxc2+ 21. Kxc2 Bf6 22. Bc6 $15) 21. Kb1 Rxc2 22. Kxc2 Ke7 $17) 18... Bf6 19. Be3 (19. Bxh7 $6 g6 20. Bxg6 fxg6 $11) (19. Bd6 $142 $1 {aiming for Qa4.} Bf3 20. Be2 Bxe2 21. Qxe2) 19... g6 {[%emt 0:05:47] [#]} 20. Qa4 (20. Bh6 $1 $16) 20... a6 $2 {[%emt 0:05:27] [#]} (20... Bc6 $1 $14 21. Qxa7 O-O) 21. d5 $1 $18 b5 22. cxb5 Bxd5 23. bxa6 Bc6 24. Qa3 Be7 (24... Rb8+ $16 25. Kc1 (25. Kc2 Be7 $11) 25... Be7) 25. Qc3 (25. Qa5 $18 {Bb5 would now be deadly.} Bd8 26. Qe1) 25... O-O $16 {[%emt 0:00:42] White must now prevent ...Bf3.} 26. Rc1 {[%emt 0:03:10] Hoping for a7. White is more active.} Rb8+ 27. Ka1 Bd5 28. a7 {[%emt 0:03:19] The board is on fire.} ({White should play} 28. Rc2 $16) 28... Rb4 $1 $11 29. Bg5 {[%emt 0:01:55] [#] Prevents Bf6.} Bd6 $1 $19 {Black is clearly better.} (29... Bxg5 30. Qxb4 Bxc1 31. Bb5 $16) 30. f4 {Wards off Be5. Threatens to win with Bh6.} Bc5 ({Wrong is} 30... Ra4 $2 31. Bh6 f6 32. Bxf8 Bxf4 33. Re1 (33. Ba3 Be5 $17) 33... Rxa2+ (33... Nxf8 $2 {loses.} 34. Qxf6 Bh6 35. Qe7 $18) (33... Be5 $2 34. Rxe5 fxe5 35. Ba3 $18) 34. Kb1 Rxa7 35. Bb4 $18) 31. Bf6 {Dodges Bd4} Ra4 {Weighted Error Value: White=0.38/Black=0.29 (precise) .  Loses game:     	White=1     	Black=1      Mistake:       	White=5     	Black=2      Inaccurate:     	White=2     	Black=1      OK:         	White=8     	Black=4      Best:        	White=1     	Black=8      Strong:       	White=2     	Black=2      Brilliant:      	White=1     	---} 1/2-1/2

[Event "Budapest Chess Festival 2024"]
[Site "Budapest"]
[Date "2024.05.27"]
[Round "5.10"]
[White "Prohaszka, Peter"]
[Black "Niedbala, Bartlomiej"]
[Result "1/2-1/2"]
[ECO "A06"]
[WhiteElo "2581"]
[BlackElo "2399"]
[Annotator "TA"]
[PlyCount "60"]
[EventDate "2024.05.20"]
[EventType "swiss"]
[EventCountry "HUN"]
[SourceTitle "playchess.com"]
[Source "ChessBase"]
[SourceQuality "1"]
[TimeControl "40/5400+30:1800+30"]

1. Nf3 d5 2. e3 c5 3. b3 a6 4. Bb2 Nc6 5. d4 Nf6 6. Be2 cxd4 7. Nxd4 e6 (7... Nxd4 {looks sharper.} 8. Qxd4 Bf5 9. c4 dxc4 10. Qxc4 Rc8) 8. O-O Bd6 9. c4 e5 10. Nxc6 bxc6 11. Nc3 Be6 12. Na4 O-O 13. Rc1 Qe7 14. Qc2 Rfd8 15. Rfd1 h6 16. h3 Kh8 17. b4 Nd7 (17... Rdb8 $11 {deserves consideration.}) 18. cxd5 (18. a3 $14) 18... cxd5 $11 {[%emt 0:00:07] The position is equal.} 19. Nc5 Nxc5 20. bxc5 Bc7 21. e4 dxe4 (21... Qg5 {is interesting.} 22. exd5 Bxd5 23. Bf1 e4) 22. Qxe4 Bxa2 23. Rxd8+ Rxd8 24. Bd3 g6 25. Qe3 Kg8 26. Bxa6 h5 27. Be2 Rb8 28. Bc3 Qe6 29. Bf3 Bd5 30. Ba1 Rb3 {[%emt 0:00:52] Weighted Error Value: White=0.09 (flawless) /Black=0.08 (flawless) .  Mistake:       	White=1     	Black=1      Inaccurate:     	White=2     	Black=1      OK:         	White=6     	Black=9      Best:        	---       	Black=1} 1/2-1/2

[Event "Budapest Chess Festival 2024"]
[Site "Budapest"]
[Date "2024.05.27"]
[Round "5.11"]
[White "Mihok, Oliver"]
[Black "Nguyen, Piotr"]
[Result "1/2-1/2"]
[ECO "B52"]
[WhiteElo "2528"]
[BlackElo "2402"]
[Annotator "TA"]
[PlyCount "63"]
[EventDate "2024.05.20"]
[EventType "swiss"]
[EventCountry "HUN"]
[SourceTitle "playchess.com"]
[Source "ChessBase"]
[SourceQuality "1"]
[TimeControl "40/5400+30:1800+30"]

1. e4 c5 2. Nf3 d6 3. Bb5+ Bd7 4. Bxd7+ Qxd7 5. c4 Nc6 6. Nc3 Nf6 7. d4 cxd4 8. Nxd4 g6 9. f3 Bg7 10. Be3 O-O 11. O-O a6 12. Qd3 Rab8 13. Nxc6 bxc6 14. b3 {[%emt 0:00:29] White is slightly better.} Qc7 15. Rad1 Nd7 16. f4 Rbd8 17. Qc2 f5 18. Ne2 (18. exf5 $14 {is superior.} Qa5 19. Ne2 Qxf5 20. Qxf5 Rxf5 21. Bd4) 18... c5 (18... e6 $1 $11 {keeps the balance.}) 19. Qd3 (19. exf5 $16 gxf5 20. Qd3) 19... fxe4 $11 20. Qxe4 Nf6 21. Qd3 Qb7 22. f5 gxf5 23. Rxf5 Ng4 $1 {[%emt 0:04:56] [#] aiming for ...Rxf5.} 24. Bg5 (24. Rg5 $5 Nxe3 25. Qxe3 $18) 24... Ne5 {[%emt 0:01:06] The position is equal.} 25. Qc2 Rxf5 26. Qxf5 Rf8 27. Qe6+ Rf7 28. Ng3 {[%emt 0:06:18] Wards off Qe4. And now Re1 would win.} Qd7 29. Qd5 Qc6 30. Qe6 {[%emt 0:01:35][%cal Od1e1] [#] Black must now prevent Re1!} Qd7 31. Qd5 Qc6 32. Qe6 {[%emt 0:00:49] Weighted Error Value: White=0.11 (very precise) /Black=0.09 (flawless) .  Mistake:       	White=2     	Black=1      Inaccurate:     	White=2     	Black=1      OK:         	White=8     	Black=10     Best:        	---       	Black=3      Strong:       	---       	Black=1} 1/2-1/2

[Event "Budapest Chess Festival 2024"]
[Site "Budapest"]
[Date "2024.05.27"]
[Round "5.12"]
[White "Arhan, Chethan Anand"]
[Black "Szpar, Milosz"]
[Result "1-0"]
[ECO "C11"]
[WhiteElo "2366"]
[BlackElo "2512"]
[Annotator "RC"]
[PlyCount "173"]
[EventDate "2024.05.20"]
[EventType "swiss"]
[EventCountry "HUN"]
[SourceTitle "playchess.com"]
[Source "ChessBase"]
[SourceQuality "1"]
[TimeControl "40/5400+30:1800+30"]

1. e4 e6 2. d4 d5 3. Nc3 Nf6 4. e5 Nfd7 5. f4 c5 6. Nf3 Nc6 7. Be3 Be7 8. Qd2 a6 9. Be2 b5 10. O-O O-O 11. a3 Qc7 12. dxc5 Nxc5 13. Nd4 Bb7 14. Nxc6 Qxc6 15. Bd4 Rad8 16. Qe3 Ne4 17. Nxe4 dxe4 18. c3 Rd7 19. Rae1 Rc8 20. Bd1 a5 21. f5 g6 22. fxe6 Qxe6 23. Qg3 Bd5 24. Bg4 Qc6 25. e6 Bxe6 26. Qe5 Rxd4 27. Bxe6 Qxe6 28. Qxe6 fxe6 29. cxd4 Rc4 30. Rxe4 Bc5 31. Kh1 Rxd4 32. Rxe6 Rd2 33. Re5 Rc2 34. b4 axb4 35. axb4 Bxb4 36. Rxb5 Be7 37. Re1 Rc7 38. g3 Kg7 39. Reb1 Rc2 40. R5b2 Rc6 41. Rb7 Re6 42. Kg2 h5 43. R1b6 Re5 44. h4 Kf7 45. Rc6 Re2+ 46. Kf3 Re5 47. Rc4 Ke6 48. Re4 Bf6 49. Rf4 Bd8 50. Rg7 g5 51. Rg6+ Kd5 52. Rf7 g4+ 53. Kf2 Be7 54. Kg2 Kc4 55. Rgg7 Bd6 56. Rf4+ Kc3 57. Rg5 Re2+ 58. Kf1 Re3 59. Rxh5 Bxf4 60. gxf4 Kd4 61. Kg2 Rh3 62. Re5 Ra3 63. h5 Rh3 64. Re1 Rxh5 65. Kg3 Rh8 66. Re5 Rg8 67. Rg5 Rf8 68. Kxg4 Ke4 69. Re5+ Kd4 70. Re6 Rg8+ 71. Kh5 Rh8+ 72. Kg5 Kd5 73. f5 Rh1 74. Re2 Rg1+ 75. Kf6 Rh1 76. Kg6 Rg1+ 77. Kf7 Kd6 78. f6 Rf1 79. Kg7 Rg1+ 80. Kf8 Kd7 81. f7 Ra1 82. Rg2 Rf1 83. Kg7 Ke7 84. f8=Q+ Rxf8 85. Re2+ Kd6 86. Kxf8 Kd5 87. Kf7 1-0

[Event "Budapest Chess Festival 2024"]
[Site "Budapest"]
[Date "2024.05.27"]
[Round "5.13"]
[White "Parkhov, Yair"]
[Black "Yaniv, Yuval"]
[Result "0-1"]
[ECO "E73"]
[WhiteElo "2510"]
[BlackElo "2337"]
[Annotator "RC"]
[PlyCount "186"]
[EventDate "2024.05.20"]
[EventType "swiss"]
[EventCountry "HUN"]
[SourceTitle "playchess.com"]
[Source "ChessBase"]
[SourceQuality "1"]
[TimeControl "40/5400+30:1800+30"]

1. d4 Nf6 2. c4 g6 3. Nc3 Bg7 4. e4 d6 5. Be2 O-O 6. Be3 c5 7. d5 e6 8. Nf3 exd5 9. cxd5 b5 10. e5 dxe5 11. Bxc5 Re8 12. Bxb5 Nbd7 13. Be3 Ng4 14. O-O Nxe3 15. fxe3 Rb8 16. Qd2 Rf8 17. Bxd7 Bxd7 18. Rac1 Qb6 19. Ne4 Bf5 20. Nc5 Rfd8 21. Rc4 e4 22. Nxe4 Qxb2 23. Qxb2 Rxb2 24. Nc5 Bf8 25. Na4 Rxa2 26. e4 Rc8 27. Rxc8 Bxc8 28. Rc1 Bg4 29. Nc5 a5 30. e5 a4 31. Ne4 Bf5 32. Nf6+ Kg7 33. Nd4 a3 34. Nxf5+ gxf5 35. Nh5+ Kh6 36. Ng3 Kg5 37. Rc4 f4 38. h4+ Kg4 39. Nf1 Kf5 40. Rc8 Be7 41. d6 Bxh4 42. d7 Rb2 43. d8=Q Bxd8 44. Rxd8 a2 45. Ra8 Kxe5 46. Ra4 Kd6 47. Kh2 Kc5 48. Kh3 Kb5 49. Ra8 Kb4 50. g3 Rf2 51. Nh2 Kb3 52. Ra7 Kb2 53. Rb7+ Kc2 54. Ra7 Kb1 55. gxf4 Rxf4 56. Kg3 Rc4 57. Nf3 Rc3 58. Kg4 Rxf3 59. Kxf3 a1=Q 60. Rxf7 Qe5 61. Kf2 Kc2 62. Kg1 Qg5+ 63. Kf2 Kd3 64. Rd7+ Ke4 65. Rb7 Qe3+ 66. Kg2 Qf3+ 67. Kh2 Qh5+ 68. Kg3 Qg5+ 69. Kf2 Qf6+ 70. Kg3 Qd6+ 71. Kh3 h6 72. Kg4 Qg6+ 73. Kh3 Qh5+ 74. Kg3 Qe5+ 75. Kh3 Kf5 76. Rf7+ Kg5 77. Rf3 Qe6+ 78. Kg2 h5 79. Rg3+ Kh4 80. Rf3 Qe2+ 81. Rf2 Qe4+ 82. Kh2 Qe3 83. Kh1 Qe1+ 84. Kg2 Kg4 85. Rf8 Qe4+ 86. Kf1 Qc4+ 87. Kg2 Qd5+ 88. Kf1 Qh1+ 89. Kf2 h4 90. Rg8+ Kh3 91. Rg7 Qh2+ 92. Kf3 Qg3+ 93. Rxg3+ hxg3 0-1

[Event "Budapest Chess Festival 2024"]
[Site "Budapest"]
[Date "2024.05.27"]
[Round "5.14"]
[White "Pribelszky, Bence"]
[Black "Popovic, Dusan"]
[Result "0-1"]
[ECO "A05"]
[WhiteElo "2363"]
[BlackElo "2486"]
[Annotator "RC"]
[PlyCount "66"]
[EventDate "2024.05.20"]
[EventType "swiss"]
[EventCountry "HUN"]
[SourceTitle "playchess.com"]
[Source "ChessBase"]
[SourceQuality "1"]
[TimeControl "40/5400+30:1800+30"]

1. Nf3 Nf6 2. g3 g6 3. b3 Bg7 4. Bb2 O-O 5. Bg2 d6 6. d4 a5 7. O-O a4 8. c4 c6 9. Nc3 a3 10. Bc1 c5 11. Nb5 Nc6 12. e3 Nb4 13. Bxa3 Bd7 14. dxc5 dxc5 15. Bxb4 cxb4 16. Nfd4 Qb6 17. Qd2 Qc5 18. Rfc1 Rad8 19. Qe1 Bc6 20. Nxc6 bxc6 21. Nd4 Ng4 22. h3 Nxf2 23. Kxf2 Rxd4 24. exd4 Bxd4+ 25. Ke2 Rd8 26. Bf3 Qf5 27. Rd1 Qe6+ 28. Kf1 Qxh3+ 29. Ke2 Qh2+ 30. Kd3 Bf2+ 31. Ke4 f5+ 32. Ke5 Kf7 33. Rxd8 Qxg3# 0-1

[Event "Budapest Chess Festival 2024"]
[Site "Budapest"]
[Date "2024.05.27"]
[Round "5.15"]
[White "Haring, Filip"]
[Black "Jeet, Jain"]
[Result "1/2-1/2"]
[ECO "B52"]
[WhiteElo "2484"]
[BlackElo "2332"]
[Annotator "TA"]
[PlyCount "20"]
[EventDate "2024.05.20"]
[EventType "swiss"]
[EventCountry "HUN"]
[SourceTitle "playchess.com"]
[Source "ChessBase"]
[SourceQuality "1"]
[TimeControl "40/5400+30:1800+30"]

1. e4 c5 2. Nf3 d6 3. Bb5+ Bd7 4. c4 Nf6 5. Nc3 g6 6. O-O Bg7 7. Bxd7+ Nbxd7 8. d4 cxd4 {[%emt 0:00:09] The position is equal.} 9. Nxd4 Qa5 10. Qe2 Rc8 {[%emt 0:03:11] A rather calm draw.   OK:         	---       	Black=2} 1/2-1/2

[Event "Budapest Chess Festival 2024"]
[Site "Budapest"]
[Date "2024.05.27"]
[Round "5.16"]
[White "Moksh Amit Doshi"]
[Black "Csonka, Balazs"]
[Result "1/2-1/2"]
[ECO "E06"]
[WhiteElo "2359"]
[BlackElo "2480"]
[Annotator "RC"]
[PlyCount "37"]
[EventDate "2024.05.20"]
[EventType "swiss"]
[EventCountry "HUN"]
[SourceTitle "playchess.com"]
[Source "ChessBase"]
[SourceQuality "1"]
[TimeControl "40/5400+30:1800+30"]

1. d4 d5 2. c4 e6 3. Nf3 Nf6 4. g3 Be7 5. Bg2 O-O 6. O-O dxc4 7. Qc2 b5 8. a4 b4 9. Nfd2 Nd5 10. Nxc4 c5 11. dxc5 Bxc5 12. Rd1 Nd7 13. e4 N5b6 14. Nxb6 axb6 15. Nd2 Ba6 16. Nb3 Be7 17. Bf4 Rc8 18. Qd2 Bc4 19. Qxd7 1/2-1/2

[Event "Budapest Chess Festival 2024"]
[Site "Budapest"]
[Date "2024.05.27"]
[Round "5.17"]
[White "Stefansson, Vignir Vatnar"]
[Black "Mouhamad, Joachim"]
[Result "1-0"]
[ECO "E07"]
[WhiteElo "2463"]
[BlackElo "2312"]
[Annotator "RC"]
[PlyCount "89"]
[EventDate "2024.05.20"]
[EventType "swiss"]
[EventCountry "HUN"]
[SourceTitle "playchess.com"]
[Source "ChessBase"]
[SourceQuality "1"]
[TimeControl "40/5400+30:1800+30"]

1. d4 d5 2. c4 e6 3. Nf3 Nf6 4. g3 Be7 5. Bg2 O-O 6. Nc3 c6 7. O-O Nbd7 8. Qd3 b6 9. e4 Ba6 10. b3 dxc4 11. bxc4 e5 12. Rd1 Qc7 13. Qe2 Bb4 14. Bd2 Bd6 15. Rac1 Ba3 16. Rc2 Rfe8 17. Bg5 exd4 18. Nxd4 Bc5 19. Nf5 h6 20. Bh4 Qe5 21. Bh3 Nf8 22. Na4 Bb4 23. a3 Bxa3 24. Qf3 Qxe4 25. Qc3 Bb4 26. Qb2 N8h7 27. Nc3 Bxc3 28. Rxc3 Qe5 29. Qc1 Qe2 30. Bg2 Rad8 31. Nd4 Rxd4 32. Rxd4 Qe1+ 33. Qxe1 Rxe1+ 34. Bf1 g5 35. Ra3 gxh4 36. Rxa6 Ng5 37. Ra3 h3 38. f3 b5 39. cxb5 cxb5 40. Kf2 Rb1 41. Rdd3 Rb2+ 42. Kg1 b4 43. Rxa7 Kg7 44. Ra5 Rd2 45. Rxg5+ 1-0

[Event "Budapest Chess Festival 2024"]
[Site "Budapest"]
[Date "2024.05.27"]
[Round "5.18"]
[White "Cabarkapa, Novak"]
[Black "Krishnan, Ritvik"]
[Result "1-0"]
[ECO "A21"]
[WhiteElo "2444"]
[BlackElo "2298"]
[Annotator "RC"]
[PlyCount "107"]
[EventDate "2024.05.20"]
[EventType "swiss"]
[EventCountry "HUN"]
[SourceTitle "playchess.com"]
[Source "ChessBase"]
[SourceQuality "1"]
[TimeControl "40/5400+30:1800+30"]

1. c4 e5 2. Nc3 Bb4 3. Qc2 Nf6 4. Nf3 Bxc3 5. Qxc3 e4 6. Nd4 O-O 7. b4 d5 8. c5 Re8 9. Bb2 Nbd7 10. e3 a5 11. b5 Qe7 12. c6 Ne5 13. Ba3 Qd8 14. b6 bxc6 15. Nxc6 Nxc6 16. Qxc6 Bd7 17. bxc7 Qc8 18. Qc5 Re6 19. Bb2 Rc6 20. Qd4 Qxc7 21. Bb5 Rb6 22. Bxd7 Rb4 23. Qe5 Qxd7 24. Bc3 Rc4 25. O-O a4 26. Rab1 h6 27. Rb6 Rc6 28. Rfb1 Rac8 29. h3 Rxb6 30. Rxb6 Rc6 31. Qb8+ Kh7 32. Rb7 Qe6 33. Qf8 Kg6 34. Re7 Rc8 35. Rxe6 Rxf8 36. Ra6 Rb8 37. Kf1 Rb1+ 38. Ke2 Rg1 39. Rxa4 Rxg2 40. Rd4 Rg1 41. a4 Rb1 42. a5 Rb8 43. a6 Ra8 44. Ra4 Nd7 45. a7 f6 46. Bd4 Kf7 47. h4 Ke7 48. h5 Kd6 49. f3 Ke6 50. Ra6+ Ke7 51. Kf2 exf3 52. Kxf3 Ne5+ 53. Bxe5 fxe5 54. Kg4 1-0